 Dungeon Crawl Stone Soup version 0.29.0-13-gc9e81de378 (webtiles) character file.

Game seed: 16290633495800485739

33 nickcage the Poker (level 3, 0/27 HPs)
             Began as a Merfolk Gladiator on Sept 7, 2022.
             Killed from afar by Sigmund (2 damage)
             ... with a puff of flame
             ... on level 2 of the Dungeon.
             The game lasted 00:02:00 (1223 turns).

nickcage the Poker (Merfolk Gladiator)              Turns: 1223, Time: 00:02:00

Health: 0/27       AC:  9    Str: 16    XL:     3   Next: 29%
Magic:  3/3        EV:  8    Int:  7    God:
Gold:   57         SH:  0    Dex: 15    Spells: 2/2 levels left

rFire   . . .      SeeInvis .   a - +0 trident
rCold   . . .      Faith    .   (no shield)
rNeg    . . .      Spirit   .   q - +0 chain mail
rPois   .          Reflect  .   c - +0 helmet
rElec   .          Harm     .   (no cloak)
rCorr   .          Rampage  .   (no gloves)
Will    .....                   (no boots)
Stlth   ..........              (no amulet)
HPRegen 0.09/turn               (no ring)
MPRegen 0.08/turn               (no ring)

@: no status effects
A: (nimble swimmer 2), mertail
a: no special abilities


You were on level 2 of the Dungeon.
You visited 1 branch of the dungeon, and saw 2 of its levels.

You collected 57 gold pieces.

Inventory:

Hand Weapons
 a - a +0 trident (weapon)
Missiles
 d - 3 throwing nets
 e - 3 javelins
 r - 3 poisoned darts (quivered)
Armour
 b - a +0 leather armour
 c - a +0 helmet (worn)
 q - a +0 chain mail (worn)
Scrolls
 i - 2 scrolls of identify {unknown}
 j - 2 scrolls of butterflies {unknown}
 k - 2 scrolls of poison {unknown}
 m - 2 scrolls of teleportation {unknown}
Potions
 f - a potion of magic {unknown}
 g - a potion of mutation {unknown}
 h - a potion of flight {unknown}
 l - a potion of curing {unknown}
 n - a potion of cancellation {unknown}
 o - a potion of resistance {unknown}
 p - a potion of ambrosia {unknown}


   Skills:
 - Level 2.1 Fighting
 + Level 5.7 Polearms
 - Level 2.0 Throwing
 - Level 4.0 Dodging


You had 2 spell levels left.
You didn't know any spells.
Your spell library contained the following spells:

 Spells                   Type           Power      Damage    Failure   Level
 Tukima's Dance           Hex            0%         N/A       100%        3
 Passage of Golubria      Tloc           0%         N/A       100%        4
 Yara's Violent Unravell  Hex/Tmut       0%         3d3       100%        5


Dungeon Overview and Level Annotations

Branches:
Dungeon (2/15)

Altars:
Qazlal

Annotations:
D:2 Sigmund


Innate Abilities, Weirdness & Mutations

((You are very nimble when in or above water. (Stealth+, EV+, Speed+++)))
Your lower body shifts to a powerful aquatic tail in water.


Message History

Found a helmet.
Sigmund the Dreaded comes into view.
He is wielding a +0 scythe.
You barely miss the worm. Sigmund gestures at you while chanting.
The magic dart hits you but does no damage.
You puncture the worm!
The worm is heavily wounded.
The worm bites you but does no damage.
You hit the worm.
The worm is heavily wounded.
Sigmund closely misses you. The worm bites you but does no damage.
You hit the worm but do no damage.
The worm is heavily wounded.
Sigmund gestures at you while chanting. The puff of flame hits you.
You barely miss the worm.
The worm is heavily wounded.
Sigmund barely misses you. The worm bites you.
You hit the worm.
The worm is severely wounded.
You puncture the worm!
You kill the worm!
Sigmund points at you and mumbles some strange words.
You are confused.
Sigmund casts a spell at you. The magic dart hits you!
You bump into the rock wall.
Sigmund hits you but does no damage.
You feel less confused.
Sigmund gestures wildly while chanting.
Sigmund flickers and vanishes!
Deactivating autopickup; reactivate with Ctrl-A.
A puff of flame appears from out of thin air!
The puff of flame hits you.
* * * LOW HITPOINT WARNING * * *
A magic dart appears from out of thin air!
The magic dart hits you.
* * * LOW HITPOINT WARNING * * *
A puff of flame appears from out of thin air!
The puff of flame hits you.
You die...

##....#..###..#
###.....###..#
###.###......#
#...# #####.##
#..## #.# ###..#
#.# ##....# #.#
### #.....#
#####.# #[#
#>....# #.@...#
..# #######
#.##### ..# #.#
.†# #.# #.# #.#
#@# #.# #.#
######### #.#
#.###.......###{#
#.....#####.....#


There were no monsters in sight!

Vanquished Creatures
  2 worms (D:2)
  2 bats
  3 giant cockroaches
  4 goblins
  2 hobgoblins (D:1)
  2 jackals (D:2)
  2 kobolds
  3 ball pythons
  A frilled lizard (D:2)
  3 rats
24 creatures vanquished.

Vanquished Creatures (others)
  8 plants (D:2)
8 creatures vanquished.

Grand Total: 32 creatures vanquished

Notes
Turn   | Place    | Note
-------+----------+-------------------------------------------
     0 | D:1      | nickcage the Merfolk Gladiator began the quest for the Orb.
     0 | D:1      | Reached XP level 1. HP: 16/16 MP: 1/1
   234 | D:1      | Reached XP level 2. HP: 22/22 MP: 2/2
   300 | D:1      | Reached skill level 5 in Polearms
   642 | D:2      | Found a stormy altar of Qazlal.
   687 | D:2      | Reached XP level 3. HP: 27/27 MP: 3/3
  1191 | D:2      | Noticed Sigmund
  1223 | D:2      | Killed from afar by Sigmund

Illustrated notes

Levels and vault maps discovered:
D:1:      psy_arrival_whirlpool, layout_basic
D:2:      layout_loops_cross, basic_altar, chequers_ecumenical_altar_lobes,
          uniq_sigmund

Skill      XL: |  1  2 |
---------------+-------+-----
Polearms       | 5 |  5.7
Fighting       | |  2.1
Throwing       | |  2.0
Dodging        | |  4.0

Action                   || total
-------------------------++-------
Melee: Trident           ||    65
       Punch             ||     1
Armor: Leather armour    ||     7
       Chain mail        ||     6
Dodge: Dodged            ||    30
